 Dungeon Crawl Stone Soup version 0.22.0-60-ga52c2fc (webtiles) character file.

589 ichi404 the Shield-Bearer (level 7, -3/61 HPs)
             Began as a Minotaur Fighter on Sept 10, 2018.
             Slain by a hornet (7 damage)
             ... on level 6 of the Dungeon.
             The game lasted 00:16:34 (1718 turns).

ichi404 the Shield-Bearer (Minotaur Fighter)        Turns: 1718, Time: 00:16:35

Health: -3/61      AC: 10    Str: 22    XL:     7   Next: 15%
Magic:  6/6        EV:  9    Int:  5    God:
Gold:   138        SH: 10    Dex: 10    Spells: 6/6 levels left

rFire    . . .     SeeInvis .   a - +2 long sword
rCold    . . .     Gourm    .   c - +0 shield
rNeg     . . .     Faith    .   b - +1 scale mail
rPois    .         Spirit   .   (helmet restricted)
rElec    .         Reflect  .   e - +1 cloak
rCorr    .         Harm     .   (no gloves)
MR       .....                  (no boots)
Stlth    ..........             (no amulet)
HPRegen  0.20/turn              (no ring)
MPRegen  0.10/turn              (no ring)

@: lethally poisoned (-3 -> -14), slowed, very slow
A: retaliatory headbutt, horns 2
a: no special abilities


You were on level 6 of the Dungeon.
You were not hungry.

You visited 1 branch of the dungeon, and saw 6 of its levels.

You collected 138 gold pieces.

Inventory:

Hand Weapons
 a - a +2 long sword (weapon)
 q - a +1 spear of venom
Armour
 b - a +1 scale mail (worn)
 c - a +0 shield (worn)
 e - a +1 cloak (worn)
Wands
 m - a wand of enslavement (13)
 p - a wand of flame (37)
 s - a wand of paralysis (12)
Scrolls
 i - 3 scrolls of random uselessness
 l - a scroll of blinking
 o - a scroll of teleportation {unknown}
 r - a scroll of magic mapping
Potions
 d - a potion of might
 g - a potion of agility {unknown}
 h - 2 potions of curing
 j - a potion of flight {unknown}
 k - a potion of magic {unknown}
 n - a potion of haste
Comestibles
 f - 6 rations


   Skills:
 + Level 5.3 Fighting
 + Level 5.3 Long Blades
 + Level 5.2 Armour
 + Level 2.1 Dodging
 + Level 6.0 Shields
 + Level 0.4 Evocations


You had 6 spell levels left.
You didn't know any spells.
Your spell library was empty.

Dungeon Overview and Level Annotations

Branches:
Dungeon (6/15)
 Temple: D:4-7

Altars:
Yredelemnul
The Shining One


Innate Abilities, Weirdness & Mutations

You reflexively headbutt those who attack you in melee.
You have a pair of horns on your head.


Message History

You are poisoned.
You suddenly lose the ability to move!
The hornet stings you.
You are more poisoned.
You feel as though you will be slow longer.
The hornet stings you.
You feel as though you will be slow longer.
You feel sick. The hornet stings you!
* * * LOW HITPOINT WARNING * * *
You feel as though you will be slow longer.
* * * LOW HITPOINT WARNING * * *
You feel sick.
The centaur shouts!
The hornet stings you.
* * * LOW HITPOINT WARNING * * *
You feel as though you will be slow longer.
The hornet stings you but does no damage.
You can move again.
* * * LOW HITPOINT WARNING * * *
You feel sick. The hornet stings you!
You die...

##. .## .. .. #.
.# #.####.#.####+#
.c....c........
#..##.# ##.##.#
#.y#.# ##@#.#
#...# ... ##..#
...## #..#.....
######..#...#
........#...#
#######.#...#
#.....#
+###########.....#


You could see a hornet and a centaur.

Vanquished Creatures
  An ice beast (D:5)
  2 black bears
  A bullfrog (D:4)
  A howler monkey (D:6)
  A bullfrog zombie (D:4)
  A hound (D:5)
  A jelly (D:6)
  2 orc wizards
  3 adders
  An ooze (D:6)
  3 leopard geckos
  7 orcs
  3 giant cockroaches
  2 goblins
  4 hobgoblins
  2 jackals (D:1)
  4 ball pythons
  4 bats
  4 frilled lizards
  A kobold (D:3)
  4 rats
52 creatures vanquished.

Notes
Turn   | Place    | Note
-------+----------+-------------------------------------------
     0 | D:1      | ichi404 the Minotaur Fighter began the quest for the Orb.
     0 | D:1      | Reached XP level 1. HP: 19/19 MP: 0/0
   207 | D:1      | Reached XP level 2. HP: 27/27 MP: 1/1
   596 | D:3      | Reached XP level 3. HP: 32/34 MP: 2/2
   669 | D:3      | Reached skill level 4 in Shields
   860 | D:4      | Reached XP level 4. HP: 41/41 MP: 3/3
   891 | D:4      | Noticed a bullfrog
   899 | D:4      | Killed a bullfrog
   899 | D:4      | Reached XP level 5. HP: 37/47 MP: 4/4
  1029 | D:4      | Noticed a black bear
  1039 | D:4      | Killed a black bear
  1039 | D:4      | Reached skill level 5 in Fighting
  1039 | D:4      | Reached skill level 1 in Dodging
  1039 | D:4      | Reached skill level 5 in Shields
  1129 | D:4      | Noticed a phantom
  1147 | D:5      | Entered Level 5 of the Dungeon
  1199 | D:5      | Noticed an ice beast
  1210 | D:5      | Killed an ice beast
  1210 | D:5      | Reached XP level 6. HP: 56/56 MP: 5/5
  1305 | D:5      | Reached skill level 5 in Armour
  1372 | D:5      | Reached skill level 5 in Long Blades
  1542 | D:5      | Found a basalt altar of Yredelemnul.
  1547 | D:5      | Found a glowing golden altar of the Shining One.
  1549 | D:5      | Noticed an angel
  1568 | D:5      | Noticed a profane servitor
  1701 | D:6      | Noticed a hornet
  1713 | D:6      | Reached skill level 6 in Shields
  1713 | D:6      | Reached XP level 7. HP: 50/61 MP: 6/6
  1715 | D:6      | Paralysed by a hornet for 3 turns
  1718 | D:6      | Slain by a hornet

Skill      XL: |  1  2  3  4  5  6 |
---------------+-------------------+-----
Fighting       | 4 5 |  5.3
Armour         | 4 5 |  5.2
Shields        | 4 5 6 |  6.0
Long Blades    | 3 4 5 |  5.3
Dodging        | 1 2 |  2.1
Evocations     | |  0.4

Action                   |  1- 3 |  4- 6 |  7- 9 || total
-------------------------+-------+-------+-------++-------
Melee: Long sword        |    71 |    73 |     2 ||   146
       Headbutt          |     9 |    20 |     1 ||    30
Evoke: Wand              |       |     2 |       ||     2
  Use: Scroll            |    11 |     1 |       ||    12
       Potion            |     3 |       |       ||     3
  Eat: Ration            |       |     1 |       ||     1
Armor: Scale mail        |    32 |    49 |     1 ||    82
Dodge: Dodged            |    14 |    21 |       ||    35
Block: Shield            |    30 |    44 |     1 ||    75
       Rpst.: Long sword |       |     3 |       ||     3
